 Dungeon Sprint DCSS version 0.30.1-11-g7821555f0a (webtiles) character file.

Game seed: 11751709247652792281

2638 Heoruswealwe the Impaler (level 9, -3/93 HPs)
             Began as a Minotaur Fighter on Nov 5, 2023.
             Was an Initiate of Gozag.
             Slain by a komodo dragon (17 damage)
             ... in the Dungeon (Sprint IX: "|||||||||||||||||||||||||||||").
             The game lasted 00:03:15 (251 turns).

Heoruswealwe the Impaler (Minotaur Fighter)          Turns: 251, Time: 00:03:15

Health: -3/93      AC: 19    Str: 25    XL:     9   Next: 35%
Magic:  8/8        EV: 10    Int:  5    God:    Gozag
Gold:   585        SH:  0    Dex: 10    Spells: 8/8 levels left

rFire   . . .        b - +2 halberd (protect)
rCold   . . .        (shield currently unavailable)
rNeg    . . .        c - +1 scale mail
rPois   .            (helmet restricted)
rElec   .            (no cloak)
rCorr   .            (no gloves)
SInv    .            e - +0 pair of boots
Will    .....        (no amulet) Stlth
                     (no ring)
HPRegen 0.35/turn    (no ring)
MPRegen 0.11/turn

%: no teleportation
@: gold aura, under a protective aura
A: horns 2, retaliatory headbutt
a: Renounce Religion, Potion Petition, Call Merchant, Bribe Branch


You were in the Dungeon.
You worshipped Gozag.
Gozag was pleased with you.
You visited 1 branch You collected 585 gold pieces.

Inventory:

Hand Weapons
 a - a +0 trident
 b - a +2 halberd of protection (weapon)
Armour
 c - a +1 scale mail (worn)
 d - a +0 buckler
 e - a +0 pair of boots (worn)
Wands
 h - a wand of roots (10)
Scrolls
 j - 2 scrolls of blinking
Potions
 f - a potion of heal wounds
 g - a potion of haste
 i - a potion of berserk rage
 k - a potion of might
 l - 5 potions of curing


   Skills:
 + Level 13.4 Fighting
 * Level 18.0 Polearms
 + Level 13.4 Armour
 - Level 3.6 Shields


You had 8 spell levels left.
You didn't know any spells.
Your spell library was empty.

Dungeon Overview and Level Annotations

Branches:
Dungeon (1/1)

Altars:
Cheibriados
Dithmenos
Elyvilon
Fedhas
Gozag
Hepliaklqana
Kikubaaqudgha
Makhleb
Nemelex Xobeh
Okawaru
Qazlal
Ru
Sif Muna
Trog
Uskayaw
Vehumet
Wu Jian
Xom
Yredelemnul
Zin
The Shining One
Jiyva
Lugonu


Innate Abilities, Weirdness & Mutations

You have a pair of horns on your head.
You reflexively headbutt those who attack you in melee.


Message History

The komodo dragon is no longer distracted by gold.
The smoke demon hits you.
* * * LOW HITPOINT WARNING * * *
The smoke demon closely misses you.
The smoke demon hits you but does no damage.
You hit the kobold demonologist. You headbutt the kobold demonologist.
You kill the kobold demonologist!
The smoke demon disappears in a puff of smoke!
The hellwing disappears in a puff of smoke!
Your Fighting skill increases to level 13!
Your Armour skill increases to level 13!
Items here: $ )) [.
The efreet is no longer distracted by gold.
The centaur warrior is no longer distracted by gold.
The efreet gestures at you.
The fireball explodes!
The fireball engulfs you.
* * * LOW HITPOINT WARNING * * *
The fireball engulfs the efreet.
The efreet completely resists.
You barely miss the efreet. The efreet closely misses you.
The komodo dragon is distracted by your dazzling golden aura.
The komodo dragon hisses angrily.
You hit the efreet but do no damage. You hit the efreet but do no damage.
The efreet barely misses you. You furiously retaliate!
You headbutt the efreet! You puncture the efreet!
The efreet is heavily wounded.
The efreet gestures at you.
The bolt of fire hits you but does no damage.
You slash the efreet! You headbutt the efreet.
You kill the efreet!
Your Polearms skill increases to level 18!
The komodo dragon is no longer distracted by gold.
The komodo dragon barely misses you.
Things that are here:
117 gold pieces; a +3 scimitar of flaming You hit the komodo dragon.
The komodo dragon is almost dead.
The komodo dragon bites you!
You die...
Your body crumbles into a pile of gold.

▓)▓
$
▓.▓
$
▓.▓
$ $
▓.▓
$
▓.▓
$
▓$▓
▓$▓
▓.▓
▓@▓
▓l▓
▓c▓
▓.▓
▓+▓


You could see a centaur warrior and a komodo dragon.

Vanquished Creatures
  A two-headed ogre (D)
  A skeletal warrior (D)
  A kobold demonologist (D)
  A gargoyle (D)
  An efreet (D)
  A troll (D)
  A vampire (D)
  A steam dragon (D)
  A water moccasin (D)
  A scorpion (D)
  A howler monkey (D)
  A hound (D)
  An orc priest (D)
  A gnoll (D)
  An adder (D)
  An ufetubus (D)
  2 goblins (D)
  A hobgoblin (D)
  A quokka (D)
20 creatures vanquished.

Notes
Turn   | Place    | Note
-------+----------+-------------------------------------------
     0 | D        | Heoruswealwe the Minotaur Fighter began the quest for the
                  | Orb.
     0 | D        | Reached XP level 1. HP: 19/19 MP: 0/0
    11 | D        | Reached skill level 3 in Polearms
    16 | D        | Reached skill level 4 in Polearms
    16 | D        | Reached XP level 2. HP: 25/28 MP: 1/1
    40 | D        | Noticed a scorpion
    40 | D        | Noticed a water moccasin
    43 | D        | Killed a scorpion
    44 | D        | Reached skill level 7 in Polearms
    44 | D        | Reached XP level 3. HP: 36/37 MP: 2/2
    44 | D        | Reached XP level 4. HP: 42/44 MP: 3/3
    55 | D        | Reached skill level 8 in Polearms
    62 | D        | Killed a water moccasin
    63 | D        | Reached skill level 10 in Polearms
    63 | D        | Reached XP level 5. HP: 20/53 MP: 4/4
    72 | D        | Found a snail-covered altar of Cheibriados.
    72 | D        | Found a shadowy altar of Dithmenos.
    72 | D        | Found a white marble altar of Elyvilon.
    72 | D        | Found a blossoming altar of Fedhas.
    72 | D        | Found an opulent altar of Gozag.
    73 | D        | Found a hazy altar of Hepliaklqana.
    74 | D        | Found a viscous altar of Jiyva.
    75 | D        | Found an ancient bone altar of Kikubaaqudgha.
    76 | D        | Found a corrupted altar of Lugonu.
    77 | D        | Found a burning altar of Makhleb.
    78 | D        | Found a sparkling altar of Nemelex Xobeh.
    79 | D        | Found an iron altar of Okawaru.
    80 | D        | Became a worshipper of Gozag Ym Sagoz the Greedy
    81 | D        | Found a stormy altar of Qazlal.
    82 | D        | Found a sacrificial altar of Ru.
    83 | D        | Found a shimmering blue altar of Sif Muna.
    84 | D        | Found a bloodstained altar of Trog.
    85 | D        | Found a hide-covered altar of Uskayaw.
    86 | D        | Found a radiant altar of Vehumet.
    87 | D        | Found an ornate altar of the Wu Jian Council.
    88 | D        | Found a shimmering altar of Xom.
    89 | D        | Found a basalt altar of Yredelemnul.
    90 | D        | Found a glowing silver altar of Zin.
    91 | D        | Found a glowing golden altar of the Shining One.
   180 | D        | Noticed a vampire
   180 | D        | Noticed a troll
   180 | D        | Noticed a two-headed ogre
   180 | D        | Noticed a steam dragon
   183 | D        | Killed a vampire
   184 | D        | Reached skill level 11 in Polearms
   184 | D        | Reached XP level 6. HP: 52/63 MP: 5/5
   186 | D        | Killed a troll
   187 | D        | Reached skill level 13 in Polearms
   187 | D        | Reached XP level 7. HP: 58/71 MP: 6/6
   196 | D        | Killed a two-headed ogre
   197 | D        | Reached skill level 15 in Polearms
   197 | D        | Reached XP level 8. HP: 45/82 MP: 7/7
   224 | D        | Noticed a skeletal warrior
   224 | D        | Noticed a gargoyle
   224 | D        | Noticed a kobold demonologist
   224 | D        | Noticed an efreet
   224 | D        | Noticed a komodo dragon
   224 | D        | Noticed a centaur warrior
   233 | D        | Killed a skeletal warrior
   234 | D        | Reached skill level 16 in Polearms
   238 | D        | Killed a gargoyle
   239 | D        | Reached skill level 17 in Polearms
   239 | D        | Reached XP level 9. HP: 16/92 MP: 8/8
   240 | D        | Noticed a smoke demon
   241 | D        | Noticed a hellwing
   242 | D        | Killed a kobold demonologist
   249 | D        | Killed an efreet
   250 | D        | Reached skill level 18 in Polearms
   251 | D        | Slain by a komodo dragon

Illustrated notes

Levels and vault maps discovered:
D:        linesprint [early_d, line_temple, items_1, d_10, items_2, lair_1,
          lair_end, items_3, orc_1, orc_end, items_4, d_15, swamp_1, shoals_1,
          snake_1, spider_1, d_20, vaults_1, items_5, swamp_end, shoals_end,
          snake_end, spider_end, vaults_end, d_27, items_6, zot_1, zot_end,
          crypt_end, forest_end, elf_end, slime_end, tomb_end, abyss_end,
          pan_hell_end]

Skill      XL: |  1  2  3  4  5  6  7  8  9 |
---------------+----------------------------+-----
Polearms       | 4 7 10 11 13 15 17 18 | 18.0
Fighting       | 4 6 7 9 11 12 13 | 13.4
Armour         | 4 6 7 9 11 12 13 | 13.4
Shields        | |  3.6

Action                     |  1- 3 |  4- 6 |  7- 9 || total
---------------------------+-------+-------+-------++-------
  Melee: Trident           |    19 |    22 |       ||    41
         Headbutt          |     2 |     4 |     8 ||    14
         Halberd           |       |     6 |    42 ||    48
    Use: Potion            |       |       |     2 ||     2
   Stab: Distracted        |       |       |     1 ||     1
 Armour: Scale mail        |     5 |    10 |    10 ||    25
  Dodge: Dodged            |     7 |     8 |    12 ||    27
  Block: Buckler           |     1 |     5 |       ||     6
